cohdb
Replays
Latest Replays
All Replays
Popular Replays
Top Player Replays
Match Explorer
How It Works
Community
CoH3 Stats
Reddit
Sign in to upload your games and track your stats! →
Sign in with Steam
Match 45390490
Unlisted
Match 45390490
Overview
Messages
Build Orders
End
Construct Barracks
Selects Advanced Infantry Battlegroup
Riflemen Squad
M1 Mortar Team
Riflemen Squad
Riflemen Squad
Selects Convert to Ranger Squad
Convert to Ranger Squad
Infantry Support Center
Selects Frontline Medical Station
M1918 Browning Automatic Rifles
Convert to Ranger Squad
Frontline Medical Station
Selects Ranger Weapon Training
Selects Ammunition Storage
Advanced Logistics
Construct Weapon Support Center
Improved M9 Bazooka Rockets
Survival Training
Munitions Surplus
Convert to Ranger Squad
Selects M2A1 105mm Howitzer Emplacement
Selects 155mm Rapid Artillery Barrage
Engineer Squad
Engineer Squad
DookulDeen
Camaneor
CPU - VERY EASY
thanasis00gk
Bruce战神之巅
嗷呜嗷
Dudulu
Hogan
0
0
Comments
sign in to comment!
No comments posted yet!